 Dungeon Sprint DCSS version bcrawl-1.12-11-gb93c957c58 (webtiles) character file.

Game seed: 12273883217010178006

233 Freyura the Covert (level 5, -8/40 HPs)
             Began as a Dusk Walker Gladiator on June 27, 2019.
             Was a Follower of Dithmenos.
             Mangled by a two-headed ogre
             ... wielding a +0 giant spiked club
              (24 damage)
             ... in the Dungeon (Sprint IX: "|||||||||||||||||||||||||||||").
             The game lasted 00:04:07 (518 turns).

Freyura the Covert (Dusk Walker Gladiator)           Turns: 518, Time: 00:04:08

Health: -8/40      AC:  8    Str: 15    XL:     5   Next: 74%
Magic:  5/5        EV: 15    Int:  8    God:    Dithmenos [*.....]
Gold:   0          SH:  0    Dex: 15    Spells: 4/4 levels left

rFire    . . .     SeeInvis .   a - +0 rapier
rCold    . . .     Gourm    .   (no shield)
rNeg     . . .     Faith    .   b - +0 leather armour
rPois    .         Spirit   .   c - +0 helmet
rElec    .         Reflect  .   s - +0 cloak
rCorr    .         Harm     .   (no gloves)
MR       .....     NoTele   +   (no boots)
Stlth    +++++.....             (no amulet)
HPRegen  0.13/turn              r - +2 ring of protection
MPRegen  0.09/turn              (no ring)

@: wreathed by umbra
A: draining touch, unencumbered stealth, fangs 2, nightstalker 1
a: Renounce Religion


You were in the Dungeon.
You worshipped Dithmenos.
Dithmenos was aware of your devotion.
You were not hungry.

You visited 1 branch

Inventory:

Hand Weapons
 a - a +0 rapier (weapon)
 p - a +2 rapier of venom
Missiles
 d - 3 throwing nets (quivered) {!f}
Armour
 b - a +0 leather armour (worn)
 c - a +0 helmet (worn)
 s - a +0 cloak (worn)
Jewellery
 q - a +3 ring of intelligence
 r - a +2 ring of protection (left hand)
Wands
 o - a wand of iceblast (5)
Scrolls
 k - 2 scrolls of blinking
 m - 3 scrolls of remove curse
 n - 2 scrolls of amnesia
Potions
 e - 5 potions of curing
 g - a potion of invisibility
 h - a potion of haste
 i - 4 potions of magic
 j - a potion of berserk rage
 l - 2 potions of heal wounds
Comestibles
 f - a ration {!d}


   Skills:
 + Level 5.6 Fighting
 + Level 7.3 Short Blades
 - Level 1.5 Throwing
 + Level 5.6 Armour
 + Level 6.1 Dodging
 + Level 8.1 Stealth


You had 4 spell levels left.
You didn't know any spells.
Your spell library was empty.

Dungeon Overview and Level Annotations

Branches:
Dungeon (1/1)

Altars:
Cheibriados
Dithmenos
Elyvilon
Fedhas
Gozag
Hepliaklqana
Kikubaaqudgha
Lugonu
Makhleb
Nemelex Xobeh
Okawaru
Qazlal
Ru
Sif Muna
Trog
Uskayaw
Vehumet
Wu Jian
Xom
Yredelemnul
Zin
The Shining One
Beogh
Jiyva


Innate Abilities, Weirdness & Mutations

Your attacks drain your enemies.
You move stealthily even while encumbered by armour.
You have extremely sharp teeth.
You are slightly more attuned to the shadows.


Message History

The slime creature hits you but does no damage.
You hit the slime creature but do no damage.
You drain the slime creature. You bite the slime creature.
The slime creature is almost dead.
You hit the two-headed ogre.
The two-headed ogre is lightly wounded.
You closely miss the two-headed ogre.
The two-headed ogre is lightly wounded.
The two-headed ogre hits you with a +0 giant spiked club!
The two-headed ogre barely misses you.
You hear some strange, mumbled words.
You barely miss the two-headed ogre.
The two-headed ogre is lightly wounded.
You hit the two-headed ogre but do no damage.
You bite the two-headed ogre.
The two-headed ogre is lightly wounded.
The two-headed ogre barely misses you.
The two-headed ogre hits you with a +0 giant club!!
Ouch! That really hurt!
You die... ▓▓▓▓▓▓▓▓▓▓▓▓▓▓▓▓▓▓▓▓▓▓▓ .{CJcO@.[.[)|..'_______ ▓▓▓▓▓▓▓▓▓▓▓▓▓▓▓▓▓▓▓▓▓▓▓

You could see a slime creature, a centaur warrior, a two-headed ogre and a cyclops.

Vanquished Creatures
  A sky beast (D)
  A phantom (D)
  A crimson imp (D)
  An adder (D)
  An ooze (D)
  A dart slug (D)
  A giant cockroach (D)
  A goblin (D)
  A leopard gecko skeleton (D)
  2 rats (D)
11 creatures vanquished.

Notes
Turn   | Place    | Note
-------+----------+-------------------------------------------
     0 | D        | Freyura the Dusk Walker Gladiator began the quest for the
                  | Orb.
     0 | D        | Reached XP level 1. HP: 14/14 MP: 1/1
     4 | D        | Reached skill level 1 in Stealth
     5 | D        | Reached skill level 1 in Armour
    17 | D        | Reached skill level 2 in Stealth
    92 | D        | Noticed a phantom
    92 | D        | Noticed a sky beast
    92 | D        | Noticed a crimson imp
   101 | D        | Reached XP level 2. HP: 12/20 MP: 2/2
   111 | D        | Killed a sky beast
   111 | D        | Reached skill level 5 in Dodging
   111 | D        | Reached skill level 6 in Stealth
   111 | D        | Reached XP level 3. HP: 7/27 MP: 3/3
   111 | D        | Gained mutation: You are slightly more attuned to the
                  | shadows. [Dusk Walker growth]
   111 | D        | Reached XP level 4. HP: 9/34 MP: 4/4
   138 | D        | Found a roughly hewn altar of Beogh.
   138 | D        | Found a snail-covered altar of Cheibriados.
   138 | D        | Found a shadowy altar of Dithmenos.
   138 | D        | Found a white marble altar of Elyvilon.
   138 | D        | Found a blossoming altar of Fedhas.
   139 | D        | Found an opulent altar of Gozag.
   140 | D        | Found a hazy altar of Hepliaklqana.
   141 | D        | Found a viscous altar of Jiyva.
   142 | D        | Found an ancient bone altar of Kikubaaqudgha.
   143 | D        | Became a worshipper of Dithmenos the Shadowed
   148 | D        | Found a corrupted altar of Lugonu.
   149 | D        | Found a burning altar of Makhleb.
   150 | D        | Found a sparkling altar of Nemelex Xobeh.
   151 | D        | Found an iron altar of Okawaru.
   152 | D        | Found a stormy altar of Qazlal.
   158 | D        | Found a sacrificial altar of Ru.
   159 | D        | Found a deep blue altar of Sif Muna.
   160 | D        | Found a bloodstained altar of Trog.
   161 | D        | Found a hide-covered altar of Uskayaw.
   162 | D        | Found a radiant altar of Vehumet.
   163 | D        | Found an ornate altar of the Wu Jian Council.
   164 | D        | Found a shimmering altar of Xom.
   165 | D        | Found a basalt altar of Yredelemnul.
   166 | D        | Found a glowing silver altar of Zin.
   167 | D        | Found a glowing golden altar of the Shining One.
   256 | D        | Reached XP level 5. HP: 16/38 MP: 5/5
   278 | D        | Killed a phantom
   278 | D        | Reached skill level 5 in Fighting
   278 | D        | Reached skill level 5 in Armour
   278 | D        | Reached skill level 8 in Stealth
   500 | D        | Noticed a cyclops
   500 | D        | Noticed a centaur warrior
   500 | D        | Noticed a two-headed ogre
   500 | D        | Noticed a slime creature
   502 | D        | Reached * piety under Dithmenos
   518 | D        | Mangled by a two-headed ogre

Skill      XL: |  1  2  3  4  5 |
---------------+----------------+-----
Stealth        | 2 6 8 |  8.1
Armour         | 1 4 5 |  5.6
Short Blades   | 4 6 7 |  7.3
Fighting       | 4 5 |  5.6
Dodging        | 5 6 |  6.1
Throwing       | |  1.5

Action                   |  1- 3 |  4- 6 || total
-------------------------+-------+-------++-------
Melee: Rapier            |    29 |    51 ||    80
       Bite              |     3 |     2 ||     5
Evoke: Wand              |       |     5 ||     5
  Use: Potion            |       |     1 ||     1
 Stab: Sleeping          |     1 |       ||     1
Armor: Leather armour    |     5 |    10 ||    15
Dodge: Dodged            |    15 |    27 ||    42
